 Dungeon Crawl Stone Soup version 0.30-a0-159-g068b764562 (webtiles) character file.

Game seed: 9528484720870902326

7009 qw the Cleaver (level 11, -3/71 HPs)
             Began as a Gargoyle Fighter on Sept 27, 2022.
             Was a Follower of Okawaru.
             Shot with an arrow by a centaur (7 damage)
             ... on level 2 of the Lair of Beasts.
             The game lasted 00:03:17 (9589 turns).

qw the Cleaver (Gargoyle Fighter)                   Turns: 9589, Time: 00:03:18

Health: -3/71      AC: 28    Str: 31    XL:     11   Next: 8%
Magic:  14/14      EV: 12    Int:  8    God:    Okawaru [*.....]
Gold:   363        SH:  6    Dex: 13    Spells: 10/10 levels left

rFire   + . .      SeeInvis .    b - +9 broad axe "Wivuph" {pain, Will+ Dex+4}
rCold   + . .      Faith    .    c - +0 buckler
rNeg    + . .      Spirit   .    j - +0 chain mail
rPois   inf        Reflect  .    (no helmet)
rElec   +          Harm     .    x - scarf {rC+ rF+}
rCorr   .          Rampage  .    v - +1 pair of gloves
Will    +....                    u - +0 pair of boots
Stlth   ..........               (no amulet)
HPRegen 0.21/turn                A - +6 ring of strength
MPRegen 0.14/turn                f - +4 ring of protection

@: about to teleport, heroic
A: sickness immunity, AC +8, negative energy resistance 1, electricity
resistance, torment resistance 1, petrification resistance
a: Renounce Religion, Heroism


You were on level 2 of the Lair of Beasts.
You worshipped Okawaru.
Okawaru was aware of your devotion.
You visited 3 branches of the dungeon, and saw 11 of its levels.

You collected 532 gold pieces.
You spent 169 gold pieces at shops.


Innate Abilities, Weirdness & Mutations

You are immune to sickness and miasma.
Your stone body is resilient. (AC +8)
You are immune to poison.
You resist negative energy. (rN+)
You are resistant to electric shocks. (rElec)
You are resistant to unholy torment.
You are immune to petrification.


   Skills:
 - Level 9.0(14.0) Fighting
 + Level 11.1(16.1) Axes
 - Level 2.2(7.2) Throwing
 - Level 6.1(11.1) Armour
 - Level 3.0(8.0) Dodging
 - Level 5.2(10.2) Shields
 - Level 4.2 Invocations


You had 10 spell levels left.
You didn't know any spells.
Your spell library was empty.

Inventory:

Hand Weapons
 b - the +9 broad axe "Wivuph" (weapon) {pain, Will+ Dex+4}
   (You acquired it on level 2 of the Dungeon)

   In the hands of one skilled in necromantic magic, it inflicts extra damage on
   living creatures.
   Dex:       It affects your dexterity (+4).
   Will:      It increases your willpower.
 l - a +2 flail of protection
Missiles
 s - a boomerang (quivered)
Armour
 c - a +0 buckler (worn)
 e - the +3 buckler of the Minstrel {Harm Drain rN+ Regen+}
   (You acquired it on level 2 of the Dungeon)

   rN:        It protects you from negative energy.
   Regen:     It increases your rate of health regeneration.
   Drain:     It drains your maximum health when unequipped.
   Harm:      It increases damage dealt and taken.
 j - a +0 chain mail (worn)
 o - a +0 cloak
 u - a +0 pair of boots (worn)
 v - a +1 pair of gloves (worn)
 x - a scarf of resistance (worn)
Jewellery
 f - a +4 ring of protection (right hand)
 g - the ring of Bosec {Ice rElec Str-4 Dex+2}
   (You found it on level 3 of the Dungeon)

   [ring of ice]

   It enhances your ice magic.
   Str:       It affects your strength (-4).
   Dex:       It affects your dexterity (+2).
   rF:        It makes you vulnerable to fire.
   rC:        It protects you from cold.
   rElec:     It insulates you from electricity.
 A - a +6 ring of strength (left hand)
Scrolls
 a - 4 scrolls of identify
 i - a scroll of enchant weapon
 t - 3 scrolls of teleportation
Potions
 d - 4 potions of might
 h - 3 potions of lignification
 k - a potion of cancellation
 m - 2 potions of mutation
 q - 3 potions of curing
 r - a potion of resistance
 w - a potion of attraction
 z - 2 potions of haste

Dungeon Overview and Level Annotations

Branches:
Dungeon (8/15)             Temple (1/1) D:6            Lair (2/5) D:8
  Swamp: Lair:2-3    Shoals: Lair:2-3     Snake: Lair:2-3    Spider: Lair:2-3

Altars:
Ashenzari
Cheibriados
Dithmenos
Elyvilon
Fedhas
Gozag
Hepliaklqana
Kikubaaqudgha
Makhleb
Nemelex Xobeh
Okawaru
Qazlal
Ru
Sif Muna
Trog
Uskayaw
Vehumet
Wu Jian
Xom
Yredelemnul
Zin
The Shining One

Shops:
D:1 *   D:5 *   D:7 *   D:8 :


Message History

The centaur shoots an arrow.
The arrow hits you.
The centaur shoots an arrow.
The arrow closely misses you.
The centaur shoots an arrow.
The arrow closely misses you.
The centaur shoots an arrow.
The arrow hits you.
The centaur shoots an arrow.
You block the arrow.
The centaur shoots an arrow.
The arrow hits you.
The centaur shoots an arrow.
The arrow hits you but does no damage.
The centaur shoots an arrow.
The arrow hits you!
The centaur shoots an arrow.
The arrow hits you but does no damage.
The centaur shoots an arrow.
The arrow hits you but does no damage.
The centaur shoots an arrow.
The arrow closely misses you.
The centaur shoots an arrow.
The arrow hits you but does no damage.
The centaur shoots an arrow.
The arrow hits you but does no damage.
The centaur shoots an arrow.
You block the arrow.
The centaur shoots an arrow.
The arrow closely misses you.
The centaur shoots an arrow.
The arrow closely misses you.
The centaur shoots an arrow.
The arrow closely misses you.
The centaur shoots an arrow.
The arrow misses you.
The centaur shoots an arrow.
The arrow misses you.
The centaur shoots an arrow.
The arrow hits you but does no damage.
The centaur shoots an arrow.
The arrow barely misses you.
Magic restored.
The centaur shoots an arrow.
You block the arrow.
The centaur shoots an arrow.
The arrow hits you but does no damage.
The centaur shoots an arrow.
The arrow hits you but does no damage.
The centaur shoots an arrow.
The arrow hits you but does no damage.
The centaur shoots an arrow.
The arrow hits you!
The centaur shoots an arrow.
The arrow closely misses you.
The centaur shoots an arrow.
The arrow hits you but does no damage.
9586 ||| READING 4 scrolls of teleportation.
As you read the scroll of teleportation, it crumbles to dust.
You feel strangely unstable.
The centaur shoots an arrow.
The arrow barely misses you.
The centaur shoots an arrow.
The arrow hits you.
The centaur shoots an arrow.
The arrow misses you.
The centaur shoots an arrow.
The arrow closely misses you.
The centaur shoots an arrow.
The arrow misses you.
The centaur shoots an arrow.
The arrow closely misses you.
The centaur shoots an arrow.
You block the arrow.
The centaur shoots an arrow.
The arrow hits you.
The centaur shoots an arrow.
The arrow closely misses you.
The centaur shoots an arrow.
The arrow hits you.
The centaur shoots an arrow.
The arrow hits you!
You die...

.......... ##.^........
#........... ~
#........... ~~#
#.........< #~~~###
#.......... .~~~~~.###
#.......... cc~~~~..P#
##..........
c~~~~~.@.####...........
.~~~~~..................
.~~~c~..............^...
##~~~~.#.##P####...#...#
#~~~###.##### #########
~~~# ## ###


You could see 4 centaurs.

Vanquished Creatures
  A black mamba (Lair:1)
  3 komodo dragons (Lair:1)
  A polar bear (Lair:1)
  Prince Ribbit (D:6)
  6 yaks (Lair:1)
  Grum (D:8)
  A basilisk (Lair:1)
  2 steam dragons (D:8)
  Menkaure (D:6)
  An acid dragon (D:8)
  4 water moccasins
  4 ice beasts
  A sky beast (D:8)
  A black bear (D:5)
  4 ogres (D:5)
  3 wolves (D:8)
  A centaur (D:7)
  3 phantoms (D:5)
  7 bullfrogs
  2 necrophages
  2 scorpions
  3 wights (D:8)
  4 killer bees (D:7)
  3 crimson imps (D:3)
  3 hounds
  A gnoll bouda (D:7)
  6 jellies
  An orc priest (D:3)
  Natasha (twice) (D:3)
  Jessica (D:2)
  3 iguanas
  Ijyb (D:3)
  3 orc wizards
  3 gnolls (D:7)
  3 river rats (D:5)
  16 adders
  2 white imps (D:7)
  4 worms
  5 dart slugs
  18 orcs
  5 ball pythons
  8 endoplasms
  A giant cockroach (D:2)
  10 goblins
  11 hobgoblins
  4 jackals
  6 kobolds
  A quokka (D:4)
  6 bats
  4 frilled lizards
  11 rats
  A spectral kobold (D:1)
200 creatures vanquished.

Vanquished Creatures (others)
  2 fungi (Lair:2)
  5 plants
7 creatures vanquished.

Grand Total: 207 creatures vanquished

Notes
Turn   | Place    | Note
-------+----------+-------------------------------------------
     0 | D:1      | qw the Gargoyle Fighter began the quest for the Orb.
     0 | D:1      | Reached XP level 1. HP: 14/14 MP: 1/1
     0 | D:1      | 0 ||| qw: Version: 0.2-a-10-g37ed214
     0 | D:1      | 0 ||| qw: Game counter: 544
     0 | D:1      | 0 ||| qw: Always use a shield: true
     0 | D:1      | 0 ||| qw: God list: Okawaru
     0 | D:1      | 0 ||| qw: Allow faded altars: false
     0 | D:1      | 0 ||| qw: Do Orc after D:15 true
     0 | D:1      | 0 ||| qw: Do second Lair branch before Depths: true
     0 | D:1      | 0 ||| qw: Lair rune preference: random
     0 | D:1      | 0 ||| qw: Plans: Normal, Zot:1-4, God:TSO, Crypt, Tomb,
                  | Pan, Slime:5, Hells, Abyss, Orb
     0 | D:1      | 0 ||| PLANNING D:1-11
    16 | D:1      | Reached skill level 2 in Axes
   166 | D:1      | Found Gilla's General Store.
   174 | D:1      | 174 ||| SHOPLISTING potion of lignification (33 gold, have
                  | 0).
   174 | D:1      | 174 ||| SHOPLISTING scroll of identify (22 gold, have 0).
   184 | D:1      | Found a faded altar of an unknown god.
   206 | D:1      | Reached XP level 2. HP: 18/19 MP: 2/2
   219 | D:1      | HP: 4/19 [goblin/+0 dagger (2)]
   270 | D:1      | 270 ||| Stepping ~*~*~tactically~*~*~ (stealth).
   655 | D:1      | 655 ||| DROPPING +0 club.
   728 | D:1      | 728 ||| Stepping ~*~*~tactically~*~*~ (stealth).
   735 | D:1      | Reached skill level 3 in Axes
   774 | D:1      | Reached XP level 3. HP: 21/23 MP: 3/3
   942 | D:1      | 942 ||| READING 2 scrolls labelled ESSICK VENULL.
   943 | D:1      | 943 ||| READING scroll labelled WASESME UBEPHO.
   944 | D:1      | 944 ||| READING scroll labelled JUTISE COPS.
   977 | D:2      | 977 ||| STAIRDANCE
  1011 | D:2      | 1011 ||| Stepping ~*~*~tactically~*~*~ (hiding).
  1122 | D:2      | Noticed Jessica
  1131 | D:2      | Killed Jessica
  1132 | D:2      | Reached XP level 4. HP: 19/28 MP: 4/4
  1253 | D:2      | 1253 ||| Stepping ~*~*~tactically~*~*~ (stealth).
  1256 | D:2      | 1256 ||| Stepping ~*~*~tactically~*~*~ (hiding).
  1269 | D:2      | Reached skill level 4 in Axes
  2052 | D:2      | 2052 ||| UPGRADING to +0 chain mail.
  2062 | D:2      | 2062 ||| DROPPING +0 scale mail.
  2063 | D:2      | 2063 ||| UPGRADING to +0 cloak.
  2068 | D:2      | 2068 ||| READING 3 scrolls labelled TOTYAN BOEVUHO.
  2068 | D:2      | Identified 3 scrolls of acquirement
  2068 | D:2      | 2068 ||| ACQUIRING +9 broad axe "Wivuph" {pain, Will+
                  | Dex+4}
  2068 | D:2      | Acquired the +9 broad axe "Wivuph" {pain, Will+ Dex+4}
  2070 | D:2      | 2070 ||| SWAPPING to +9 broad axe "Wivuph" {pain, Will+
                  | Dex+4}.
  2071 | D:2      | 2071 ||| DROPPING +1 war axe.
  2072 | D:2      | 2072 ||| READING 2 scrolls of acquirement.
  2072 | D:2      | 2072 ||| ACQUIRING +6 ring of dexterity
  2072 | D:2      | Acquired a +6 ring of dexterity
  2074 | D:2      | 2074 ||| UPGRADING to +6 ring of dexterity.
  2075 | D:2      | 2075 ||| READING scroll of acquirement.
  2075 | D:2      | 2075 ||| ACQUIRING +3 buckler of the Minstrel {Harm Drain
                  | rN+ Regen+}
  2075 | D:2      | Acquired the +3 buckler of the Minstrel {Harm Drain rN+
                  | Regen+}
  2077 | D:2      | 2077 ||| READING scroll labelled TOGHU GUZIRRIHI.
  2078 | D:2      | 2078 ||| READING scroll labelled EKUMOR NUETI.
  2079 | D:2      | 2079 ||| DRINKING 3 purple potions.
  2080 | D:2      | 2080 ||| DRINKING 2 sedimented golden potions.
  2081 | D:2      | 2081 ||| READING 2 scrolls of identify.
  2081 | D:2      | 2081 ||| IDENTIFYING red potion
  2082 | D:2      | 2082 ||| DROPPING 2 potions of brilliance.
  2083 | D:2      | 2083 ||| DROPPING potion of invisibility.
  2084 | D:2      | 2084 ||| DROPPING potion of flight.
  2105 | D:3      | Noticed Natasha
  2109 | D:3      | Killed Natasha
  2110 | D:3      | Reached skill level 1 in Dodging
  2110 | D:3      | Reached XP level 5. HP: 32/32 MP: 5/5
  2193 | D:3      | Identified the ring of Bosec {Ice rElec Str-4 Dex+2}
  2213 | D:3      | 2213 ||| Stepping ~*~*~tactically~*~*~ (hiding).
  2215 | D:3      | 2215 ||| Stepping ~*~*~tactically~*~*~ (hiding).
  2385 | D:3      | Noticed Ijyb
  2388 | D:3      | HP: 7/32 [Ijyb/bolt of light (16)]
  2390 | D:3      | 2390 ||| Stepping ~*~*~tactically~*~*~ (hiding).
  2394 | D:3      | Killed Ijyb
  2939 | D:3      | Reached skill level 5 in Axes
  2939 | D:3      | Noticed Natasha
  2944 | D:3      | Killed Natasha
  2945 | D:3      | Reached XP level 6. HP: 20/38 MP: 6/6
  3091 | D:3      | 3091 ||| DROPPING +0 mace.
  3113 | D:3      | Found a shimmering altar of Xom.
  3191 | D:3      | 3191 ||| DROPPING scarf of shadows.
  3192 | D:3      | 3192 ||| UPGRADING to +4 ring of protection.
  3193 | D:3      | 3193 ||| READING scroll labelled JUEME SYFFOSE.
  3197 | D:3      | 3197 ||| READING scroll labelled FYDAOCVYFAO.
  3198 | D:3      | 3198 ||| DRINKING 2 black potions.
  3285 | D:4      | 3285 ||| Stepping ~*~*~tactically~*~*~ (stealth).
  3288 | D:4      | Noticed an ice beast
  3289 | D:4      | 3289 ||| Stepping ~*~*~tactically~*~*~ (stealth).
  3339 | D:4      | 3339 ||| Stepping ~*~*~tactically~*~*~ (stealth).
  3340 | D:4      | 3340 ||| Stepping ~*~*~tactically~*~*~ (stealth).
  3341 | D:4      | 3341 ||| Stepping ~*~*~tactically~*~*~ (stealth).
  3343 | D:4      | 3343 ||| Stepping ~*~*~tactically~*~*~ (stealth).
  3344 | D:4      | 3344 ||| Stepping ~*~*~tactically~*~*~ (stealth).
  3356 | D:4      | 3356 ||| Stepping ~*~*~tactically~*~*~ (stealth).
  3477 | D:4      | Found a glowing silver altar of Zin.
  3674 | D:4      | 3674 ||| Stepping ~*~*~tactically~*~*~ (stealth).
  3681 | D:4      | Reached skill level 6 in Axes
  3681 | D:4      | Reached XP level 7. HP: 43/43 MP: 7/7
  3690 | D:4      | 3690 ||| Stepping ~*~*~tactically~*~*~ (stealth).
  3802 | D:4      | 3802 ||| Stepping ~*~*~tactically~*~*~ (stealth).
  3850 | D:4      | 3850 ||| DRINKING 2 yellow potions.
  3890 | D:4      | 3890 ||| DRINKING 2 clear potions.
  3918 | D:5      | Entered Level 5 of the Dungeon
  3918 | D:5      | Found Bipsasow's General Store.
  3919 | D:5      | 3919 ||| PLANNING SEWER
  3925 | D:5      | 3925 ||| BUYING potion of resistance (130 gold).
  3925 | D:5      | Bought a potion of resistance for 130 gold pieces
  3925 | D:5      | 3925 ||| SHOPLISTING scroll of enchant weapon (97 gold,
                  | have 49).
  3947 | D:5      | 3947 ||| Stepping ~*~*~tactically~*~*~ (stealth).
  3970 | D:5      | Reached skill level 1 in Throwing
  4051 | D:5      | Found a sacrificial altar of Ru.
  4163 | D:5      | Reached skill level 7 in Axes
  4219 | D:5      | Reached XP level 8. HP: 48/48 MP: 8/8
  4253 | D:5      | 4253 ||| Stepping ~*~*~tactically~*~*~ (stealth).
  4396 | D:5      | 4396 ||| FLEEEEING.
  4397 | D:5      | 4397 ||| FLEEEEING.
  4398 | D:5      | 4398 ||| FLEEEEING.
  4399 | D:5      | 4399 ||| FLEEEEING.
  4400 | D:5      | 4400 ||| FLEEEEING.
  4401 | D:5      | 4401 ||| FLEEEEING.
  4402 | D:5      | 4402 ||| FLEEEEING.
  4403 | D:5      | 4403 ||| FLEEEEING.
  4404 | D:5      | 4404 ||| FLEEEEING.
  4405 | D:5      | 4405 ||| FLEEEEING.
  4406 | D:5      | 4406 ||| FLEEEEING.
  4407 | D:5      | 4407 ||| FLEEEEING.
  4408 | D:5      | 4408 ||| FLEEEEING.
  4409 | D:5      | 4409 ||| FLEEEEING.
  4410 | D:5      | 4410 ||| FLEEEEING.
  4411 | D:5      | 4411 ||| FLEEEEING.
  4412 | D:5      | 4412 ||| FLEEEEING.
  4413 | D:5      | 4413 ||| FLEEEEING.
  4422 | D:5      | Reached skill level 8 in Axes
  4578 | D:5      | 4578 ||| RIP SEWER
  4591 | D:5      | 4591 ||| PLANNING D:1-11
  4832 | D:5      | 4832 ||| Stepping ~*~*~tactically~*~*~ (stealth).
  5497 | D:5      | 5497 ||| UPGRADING to +0 pair of boots.
  5502 | D:5      | 5502 ||| DROPPING amulet of faith.
  5503 | D:5      | 5503 ||| READING 3 scrolls of identify.
  5503 | D:5      | 5503 ||| IDENTIFYING white potion
  5504 | D:5      | 5504 ||| READING 2 scrolls of identify.
  5504 | D:5      | 5504 ||| IDENTIFYING golden potion
  5555 | D:6      | Found a sparkling altar of Nemelex Xobeh.
  5576 | D:6      | 5576 ||| Stepping ~*~*~tactically~*~*~ (hiding).
  5578 | D:6      | 5578 ||| Stepping ~*~*~tactically~*~*~ (hiding).
  5579 | D:6      | 5579 ||| Stepping ~*~*~tactically~*~*~ (hiding).
  5580 | D:6      | 5580 ||| Stepping ~*~*~tactically~*~*~ (hiding).
  5589 | D:6      | 5589 ||| Stepping ~*~*~tactically~*~*~ (stealth).
  5630 | D:6      | 5630 ||| READING scroll labelled LEJATS EPPA.
  5638 | D:6      | Reached XP level 9. HP: 50/55 MP: 9/9
  5662 | D:6      | Found a staircase to the Ecumenical Temple.
  5663 | D:6      | 5663 ||| PLANNING TEMPLE
  5671 | Temple   | Entered the Ecumenical Temple
  5708 | Temple   | 5708 ||| PLANNING D:1-11
  5721 | D:6      | Noticed Prince Ribbit
  5742 | D:6      | Killed Prince Ribbit
  5743 | D:6      | Reached skill level 6 in Fighting
  5836 | D:6      | 5836 ||| Stepping ~*~*~tactically~*~*~ (stealth).
  5838 | D:6      | 5838 ||| Stepping ~*~*~tactically~*~*~ (stealth).
  6057 | D:6      | 6057 ||| Stepping ~*~*~tactically~*~*~ (stealth).
  6060 | D:6      | 6060 ||| Stepping ~*~*~tactically~*~*~ (stealth).
  6133 | D:6      | Found a snail-covered altar of Cheibriados.
  6285 | D:6      | Noticed Menkaure
  6286 | D:6      | Reached skill level 9 in Axes
  6286 | D:6      | 6286 ||| Stepping ~*~*~tactically~*~*~ (stealth).
  6458 | D:6      | 6458 ||| UPGRADING to +0 pair of gloves.
  6463 | D:6      | 6463 ||| UPGRADING to scarf of resistance.
  6504 | D:6      | Killed Menkaure
  6571 | D:7      | Found Tuixieqi's Tempting Trifles.
  6580 | D:7      | 6580 ||| BUYING scroll of teleportation (39 gold).
  6580 | D:7      | Bought a scroll of teleportation for 39 gold pieces
  6611 | D:7      | 6611 ||| Stepping ~*~*~tactically~*~*~ (hiding).
  7266 | D:7      | 7266 ||| READING scroll labelled NUOGEY OSIPAI.
  7267 | D:7      | 7267 ||| READING scroll labelled BYSA IHEYHO.
  7268 | D:7      | 7268 ||| DRINKING 2 viscous orange potions.
  7269 | D:7      | 7269 ||| READING 4 scrolls of identify.
  7269 | D:7      | 7269 ||| IDENTIFYING glowing ruby potion
  7293 | D:8      | Found Vejuaj's Self-Improvement Boutique.
  7293 | D:8      | Found a staircase to the Lair.
  7295 | D:8      | 7295 ||| FLEEEEING.
  7296 | D:8      | 7296 ||| STAIRDANCE
  7694 | D:8      | Reached skill level 10 in Axes
  7761 | D:8      | 7761 ||| Stepping ~*~*~tactically~*~*~ (hiding).
  7768 | D:8      | Reached skill level 3 in Dodging
  7768 | D:8      | Reached XP level 10. HP: 61/63 MP: 10/10
  7867 | D:8      | Noticed a moth of wrath
  7868 | D:8      | 7868 ||| Stepping ~*~*~tactically~*~*~ (stealth).
  7868 | D:8      | Noticed Grum
  7869 | D:8      | 7869 ||| Stepping ~*~*~tactically~*~*~ (stealth).
  7877 | D:8      | 7877 ||| Stepping ~*~*~tactically~*~*~ (stealth).
  7917 | D:8      | 7917 ||| Stepping ~*~*~tactically~*~*~ (stealth).
  8064 | D:8      | Killed Grum
  8129 | D:8      | Found a stormy altar of Qazlal.
  8130 | D:8      | Found a shadowy altar of Dithmenos.
  8131 | D:8      | Found an iron altar of Okawaru.
  8132 | D:8      | 8132 ||| PLANNING OKAWARU WORSHIP
  8132 | D:8      | 8132 ||| DROPPING scarf of harm.
  8133 | D:8      | 8133 ||| READING scroll labelled FIDOQE REV VOO.
  8134 | D:8      | 8134 ||| READING scroll labelled QURGHA IKON.
  8140 | D:8      | Became a worshipper of Warmaster Okawaru
  8141 | D:8      | 8141 ||| PLANNING D:1-11
  8302 | D:8      | Found a bloodstained altar of Trog.
  8500 | D:8      | 8500 ||| PLANNING LAIR
  8557 | Lair:1   | Entered Level 1 of the Lair of Beasts
  8562 | Lair:1   | Reached skill level 6 in Armour
  8565 | Lair:1   | HP: 13/64 [polar bear (4)]
  8566 | Lair:1   | 8566 ||| READING 3 scrolls of teleportation.
  8567 | Lair:1   | 8567 ||| DRINKING potion of heal wounds.
  8726 | Lair:1   | 8726 ||| Stepping ~*~*~tactically~*~*~ (stealth).
  8730 | Lair:1   | 8730 ||| Stepping ~*~*~tactically~*~*~ (stealth).
  8741 | Lair:1   | Reached * piety under Okawaru
  8743 | Lair:1   | 8743 ||| INVOKING Heroism.
  8748 | Lair:1   | Reached skill level 1 in Invocations
  8858 | Lair:1   | 8858 ||| Stepping ~*~*~tactically~*~*~ (stealth).
  8864 | Lair:1   | 8864 ||| Stepping ~*~*~tactically~*~*~ (stealth).
  8878 | Lair:1   | 8878 ||| Stepping ~*~*~tactically~*~*~ (stealth).
  8881 | Lair:1   | 8881 ||| Stepping ~*~*~tactically~*~*~ (stealth).
  9018 | Lair:1   | 9018 ||| INVOKING Heroism.
  9032 | Lair:1   | Reached skill level 11 in Axes
  9032 | Lair:1   | Reached skill level 3 in Invocations
  9114 | Lair:1   | 9114 ||| INVOKING Heroism.
  9217 | Lair:1   | 9217 ||| INVOKING Heroism.
  9224 | Lair:1   | Reached XP level 11. HP: 69/69 MP: 10/14
  9478 | Lair:1   | 9478 ||| UPGRADING to +6 ring of strength.
  9480 | Lair:1   | 9480 ||| DROPPING +6 ring of dexterity.
  9481 | Lair:1   | 9481 ||| READING 2 scrolls labelled OTHRYN LIZUS.
  9482 | Lair:1   | 9482 ||| READING 2 scrolls labelled FOVUOTHR IM KIM.
  9483 | Lair:1   | 9483 ||| READING scroll of enchant armour.
  9483 | Lair:1   | 9483 ||| ENCHANTING +0 pair of gloves.
  9484 | Lair:1   | 9484 ||| DROPPING scroll of vulnerability.
  9504 | Lair:2   | 9504 ||| INVOKING Heroism.
  9508 | Lair:2   | 9508 ||| STAIRDANCE
  9515 | Lair:1   | Reached skill level 9 in Fighting
  9526 | Lair:2   | Reached ** piety under Okawaru
  9570 | Lair:2   | Found a sacrificial altar of Ru.
  9571 | Lair:2   | 9571 ||| INVOKING Heroism.
  9585 | Lair:2   | HP: 16/71 [centaur/arrow (8)]
  9586 | Lair:2   | 9586 ||| READING 4 scrolls of teleportation.
  9588 | Lair:2   | HP: 3/71 [centaur/arrow (5)]
  9589 | Lair:2   | Shot with an arrow by a centaur

Levels and vault maps discovered:
D:1:      dpeg_arrival_rooms_b, layout_rooms,
          dreamdust_ecumenical_altar_drowned_temple, serial_shops, shop,
          minmay_split_cup_small
D:2:      layout_basic, uniq_jessica
D:3:      layout_rooms, led_xom_imps, columned_hall_lemuel,
          nicolae_figureground_sparkle, uniq_ijyb, uniq_natasha
D:4:      layout_basic, zin_statuary, minmay_bent
D:5:      layout_layer_cave, lemuel_doored_altar, serial_shops, shop,
          lightli_sewer_entry_pipes
D:6:      layout_basic, overflow_temple_1_default, old_standard_altar,
          minmay_temple_entry_stoned_glass, uniq_menkaure, uniq_prince_ribbit1
D:7:      layout_gridville, serial_rivers, chequers_serial_rivers_large_a,
          chequers_serial_rivers_micro_b, chequers_serial_rivers_small_3,
          chequers_serial_rivers_small_b, nicolae_alphabet_shops
D:8:      layout_basic, chequers_temple_overflow_statue_of_worship, tgw_trog,
          lair_entry_dummy, serial_rivers, chequers_serial_rivers_small_3,
          chequers_serial_rivers_small_3, chequers_serial_rivers_room_a,
          chequers_serial_rivers_room_a, chequers_serial_rivers_micro_a,
          chequers_serial_rivers_room_b, nicolae_shop_self_help, uniq_grum
Temple:   nicolae_temple_ecumenical_triangle
Lair:1:   layout_chaotic_city, nicolae_lair_lil_pond
Lair:2:   layout_long_grid, skrybe_swamp_entry_bodies, special_room
          [special_room_bee], lemuel_centaur_altar

Skill      XL: |  1  2  3  4  5  6  7  8  9 10 11 |
---------------+----------------------------------+-----
Axes           | 2 3 4 5 6 7 8 10 11 | 11.1
Dodging        | 1 2 3 |  3.0
Fighting       | 4 5 7 8 9 |  9.0
Throwing       | 2 |  2.2
Armour         | 4 5 6 |  6.1
Shields        | 4 5 |  5.2
Invocations    | 4 |  4.2

Action                   |  1- 3 |  4- 6 |  7- 9 | 10-12 || total
-------------------------+-------+-------+-------+-------++-------
Melee: War axe           |    73 |    59 |       |       ||   132
       Broad axe         |       |    71 |   162 |   111 ||   344
Throw: Javelin           |       |       |    40 |       ||    40
       Boomerang         |       |       |    15 |    31 ||    46
Invok: Heroism           |       |       |       |     6 ||     6
  Use: Scroll            |     3 |     8 |     6 |     7 ||    24
       Potion            |       |     3 |     3 |     1 ||     7
 Stab: Distracted        |       |     1 |       |       ||     1
Armor: Scale mail        |    37 |    31 |       |       ||    68
       Chain mail        |       |    26 |    79 |    90 ||   195
Dodge: Dodged            |    31 |    48 |    61 |    69 ||   209
Block: Buckler           |    11 |    19 |    28 |    49 ||   107

Table legend:
 A = Non-vault XP
 B = Vault XP
 C = Vault XP percentage of total XP
 D = Non-vault monster count
 E = Vault monster count
 F = Vault count percentage of total count
                 A         B        C        D         E       F
            +---------+---------+-------+---------+---------+-------
      Total |    8358 |    1655 |  16.5 |     160 |      40 |  20.0
            +---------+---------+-------+---------+---------+-------
        D:1 |      30 |       6 |  16.7 |      20 |       4 |  16.7
        D:2 |      85 |      37 |  30.3 |      18 |       1 |   5.3
        D:3 |     115 |     213 |  64.9 |      16 |       5 |  23.8
        D:4 |      40 |     274 |  87.3 |      14 |      10 |  41.7
        D:5 |    1239 |     109 |   8.1 |      20 |       9 |  31.0
        D:6 |     810 |     466 |  36.5 |      22 |       2 |   8.3
        D:7 |     863 |       0 |   0.0 |      18 |       0 |   0.0
        D:8 |    1151 |     550 |  32.3 |      13 |       9 |  40.9
     Lair:1 |    3797 |       0 |   0.0 |      17 |       0 |   0.0
     Lair:2 |     228 |       0 |   0.0 |       2 |       0 |   0.0
            +---------+---------+-------+---------+---------+-------
